 Dungeon Crawl Stone Soup version 0.27.1-33-g824d729ab1 (webtiles) character file.

Game seed: 13161846489033734822

40 potato4science the Sneak (level 3, -3/20 HPs)
             Began as a Kobold Enchanter on Dec 24, 2021.
             Succumbed to a scorpion's poison
             ... on level 1 of the Dungeon.
             The game lasted 00:04:31 (1393 turns).

potato4science the Sneak (Kobold Enchanter)         Turns: 1393, Time: 00:04:34

Health: -3/20      AC:  3    Str:  6    XL:     3   Next: 72%
Magic:  1/6        EV: 15    Int: 16    God:
Gold:   7          SH:  0    Dex: 15    Spells: 3/6 levels left

rFire    . . .     SeeInvis .   a - +1 dagger
rCold    . . .     Faith    .   (shield restricted)
rNeg     . . .     Spirit   .   b - +0 robe
rPois    .         Reflect  .   (no helmet)
rElec    .         Harm     .   (no cloak)
rCorr    .         Rampage  .   c - +0 pair of gloves
Will     .....                  (no boots)
Stlth    ++++......             (no amulet)
HPRegen  0.06/turn              h - ring of flight
MPRegen  0.10/turn              (no ring)

@: lethally poisoned (-3 -> -26), flying
A: small, no large weapons, nightstalker 3
a: no special abilities


You were on level 1 of the Dungeon.
You visited 1 branch of the dungeon, and saw 2 of its levels.

You collected 7 gold pieces.

Inventory:

Hand Weapons
 a - a +1 dagger (weapon)
Armour
 b - a +0 robe (worn)
 c - a +0 pair of gloves (worn)
Jewellery
 h - a ring of flight (left hand)
Scrolls
 d - a scroll of teleportation {unknown}
 e - a scroll of identify {unknown}
 f - a scroll of blinking {unknown}
 g - a scroll of torment {unknown}


   Skills:
 - Level 1.0 Fighting
 - Level 2.0 Short Blades
 + Level 0.6 Armour
 - Level 2.4 Dodging
 - Level 5.1 Stealth
 - Level 2.1 Spellcasting
 - Level 3.0 Hexes
 - Level 1.0 Ice Magic


You had 3 spell levels left.
You knew the following spells:

 Your Spells              Type           Power      Damage    Failure   Level
a - Corona                Hex            12%        N/A       6%          1
b - Ensorcelled Hibernat  Hex/Ice        16%        N/A       14%         2

Your spell library contained the following spells:

 Spells                   Type           Power      Damage    Failure   Level
 Confusing Touch          Hex            11%        N/A       19%         3
 Tukima's Dance           Hex            11%        N/A       19%         3
 Dazzling Flash           Conj/Hex       12%        N/A       32%         3


Dungeon Overview and Level Annotations

Branches:
Dungeon (2/15)

Altars:

Shops:
D:2 !


Innate Abilities, Weirdness & Mutations

You are small and have problems with some larger weapons.
You are completely attuned to the shadows.


Message History

The jackal looks drowsy...
The helpless jackal fails to defend itself.
You impale the jackal!!
You kill the jackal!
h - a ring of flight You fly up into the air.
h - a ring of flight (left hand) HP restored.
Magic restored.
A scorpion comes into view.
A scorpion is nearby!
Aiming: Ensorcelled Hibernation (safe; 14% risk of failure)
Press: ? - help, Q - select action, (/) - cycle Shift-Dir - straight line, f - scorpion
Aim: a scorpion (wandering, hasn't noticed you, chance to affect: 39%)
The scorpion resists with some effort.
Aiming: Ensorcelled Hibernation (safe; 14% risk of failure)
Press: ? - help, Q - select action, (/) - cycle Shift-Dir - straight line, f/p - scorpion
Aim: a scorpion (chance to affect: 39%)
The scorpion resists with some effort.
The scorpion stings you but does no damage.
Aiming: Ensorcelled Hibernation (safe; 14% risk of failure)
Press: ? - help, Q - select action, (/) - cycle Shift-Dir - straight line, f/p - scorpion
Aim: a scorpion (chance to affect: 39%)
You miscast Ensorcelled Hibernation.
You are very lightly contaminated with residual magic.
Nothing appears to happen.
The scorpion misses you. The scorpion closely misses you.
The scorpion stings you.
You are poisoned.
The scorpion poisons you!
Your magical contamination has completely faded away.
There is a stone staircase leading up here.
You feel very sick. The scorpion stings you!
* * * LOW HITPOINT WARNING * * *
You are more poisoned.
The scorpion poisons you!
You fly upwards.
You die...

#.###).....................##.#
#.# #####..#.......####.##.##.#
#.# ##...####..# #.##.##.#
##.##### #..## ##.# #.......#
#......####..# #.#######.####
#..###.......## ##..§...##.# ##
#..###..≈≈≈≈..####..≈§§≈..#.# #.
#....#.≈≈≈≈≈≈......≈≈§≈≈≈...# #.
.......≈≈≈≈≈≈..<@†.≈≈§§§≈.######.
#......≈≈≈≈≈≈...s..≈≈≈≈≈≈........
#.......≈≈≈≈.....)..≈≈§≈..######.
###..##...................# #. #
#..##.####.....#####.##)# #. #
##.##.# ##...## #....# #. #
#.##.# ##+## ####.# #. ####.##.#
#.# #..# ## ........# #.# #.##


You could see a scorpion.

Vanquished Creatures
  A gnoll (D:1)
  5 endoplasms (D:1)
  3 giant cockroaches
  A goblin (D:1)
  2 hobgoblins (D:1)
  7 jackals
  A ball python (D:1)
  2 bats (D:2)
  A frilled lizard (D:1)
  A kobold (D:1)
  3 rats (D:1)
27 creatures vanquished.

Notes
Turn   | Place    | Note
-------+----------+-------------------------------------------
     0 | D:1      | potato4science the Kobold Enchanter began the quest for the
                  | Orb.
     0 | D:1      | Reached XP level 1. HP: 10/10 MP: 3/3
   145 | D:1      | Reached skill level 5 in Stealth
   145 | D:1      | Reached XP level 2. HP: 15/15 MP: 5/5
   165 | D:1      | Learned a level 2 spell: Ensorcelled Hibernation
   276 | D:1      | Found a faded altar of an unknown god.
   343 | D:1      | Reached skill level 1 in Fighting
   505 | D:1      | Reached XP level 3. HP: 20/20 MP: 6/6
   705 | D:1      | Reached skill level 1 in Ice Magic
  1154 | D:2      | Found Itumaf's Distillery.
  1363 | D:2      | Noticed a scorpion
  1393 | D:1      | Succumbed to a scorpion's poison

Illustrated notes

Levels and vault maps discovered:
D:1:      dpeg_arrival_pits, layout_loops_corners, basic_ecumenical_altar
D:2:      layout_loops_ring, serial_shops, shop, minmay_heptomino_w4

Skill      XL: |  1  2  3 |
---------------+----------+-----
Stealth        | 5 |  5.1
Fighting       | 1 |  1.0
Ice Magic      | 1 |  1.0
Short Blades   | 2 |  2.0
Armour         | |  0.6
Dodging        | |  2.4
Spellcasting   | |  2.1
Hexes          | |  3.0

Action                   || total
-------------------------++-------
Melee: Dagger            ||    40
 Cast: Ensorcelled Hiber ||    18
 Stab: Sleeping          ||    24
Armor: Robe              ||    12
Dodge: Dodged            ||    36
